 Dungeon Crawl Stone Soup version 0.17.0-57-g0e89251 (webtiles) character file.

27666 PossumBlood the Cleaver (level 13, -1/106 HPs)
             Began as a Formicid Fighter on Dec 7, 2015.
             Was a High Priest of Okawaru.
             Slain by an ice devil (23 damage)
             ... summoned by an orc sorcerer
             ... on level 4 of the Orcish Mines.
             The game lasted 00:53:31 (15052 turns).

PossumBlood the Cleaver (Formicid Fighter)         Turns: 15052, Time: 00:53:32

Health: -1/106     AC: 18    Str: 30    XL:     13   Next: 67%
Magic:  13/13      EV: 12    Int:  9    God:    Okawaru [*****.]
Gold:   795        SH: 16    Dex: 13    Spells: 0 memorised, 12 levels left

rFire  + . .     SeeInvis +     E - +5 battleaxe (drain)
rCold  . . .     Clarity  .     s - +3 chain mail
rNeg   + . .     SustAt   .     c - +0 shield
rPois  .         Gourm    .     (helmet unavailable)
rElec  +         Spirit   .     b - +2 cloak
rCorr  +         Warding  .     g - +1 pair of gloves {Str+3}
rMut   .         Stasis   +     M - +1 pair of boots of the End {+Inv rN+ Dex+3 Stlth-}
MR     +....                    K - amulet "Joecza" {rCorr rElec rF+}
Stlth  ..........               (no ring)
                                C - ring of flight

@: heroism, corroded equipment, somewhat resistant to hostile enchantments,
extremely unstealthy
A: permanent stasis, dig shafts and tunnels, four strong arms, antennae 3,
strong 1, wild magic 1
a: Dig, Shaft Self, Heroism, Renounce Religion, Evoke Invisibility, Evoke Flight


You were on level 4 of the Orcish Mines.
You worshipped Okawaru.
Okawaru was extremely pleased with you.
You were hungry.

You visited 2 branches of the dungeon, and saw 17 of its levels.

You collected 1603 gold pieces.
You spent 808 gold pieces at shops.

Inventory:

Hand Weapons
 a - a +1 hand axe of chopping
 E - a +5 battleaxe of draining (weapon)
 F - the +13 Mace of Variability {chaos}
   (You found it on level 10 of the Dungeon)

   Each time it hits an enemy it has a different, random effect.
Missiles
 i - 25 tomahawks
 u - 9 tomahawks of returning (quivered)
Armour
 b - a +2 cloak (worn)
 c - a +0 shield (worn)
 g - a +1 pair of gloves of strength (worn)
 o - a +4 ring mail
 s - a +3 chain mail (worn)
 y - a +2 pair of gloves
 H - a +2 pair of boots of running
 I - a +0 plate armour
 M - the +1 pair of boots of the End (worn) {+Inv rN+ Dex+3 Stlth-}
   (You bought it in a shop on level 3 of the Orcish Mines)

   It affects your dexterity (+3).
   It protects you from negative energy.
   It lets you turn invisible.
   It makes you less stealthy.
Jewellery
 n - an uncursed amulet of resist corrosion
 C - a ring of flight (left hand)
 K - the amulet "Joecza" (around neck) {rCorr rElec rF+}
   (You bought it in a shop on level 2 of the Orcish Mines)

   [amulet of resist corrosion]

   It protects you from acid and corrosion.
   It protects you from fire.
   It insulates you from electricity.
Wands
 d - a wand of lightning (8)
 h - a wand of draining (5)
 l - a wand of disintegration (4)
 p - a wand of lightning (8)
Scrolls
 j - 3 scrolls of identify
 r - 3 scrolls of remove curse
 t - 3 scrolls of magic mapping
 x - a scroll of holy word
 A - a scroll of recharging
 D - a scroll of amnesia
Potions
 k - a potion of ambrosia
 m - 5 potions of lignification
 w - 2 potions of cancellation
 z - a potion of flight
Books
 B - a book of the Warp

   Spells                             Type                      Level
   a - Recall                         Summoning/Translocation      3
   b - Gell's Gravitas                Hexes/Translocation          3
   c - Force Lance                    Conjuration/Translocation    4
   d - Phase Shift                    Translocation                5
   e - Warp Weapon                    Charms/Translocation         5
   f - Summon Forest                  Summoning/Translocation      5
Comestibles
 e - 7 bread rations
 G - a slice of pizza
 J - 6 beef jerkies


   Skills:
 + Level 11.4(16.4) Fighting
 * Level 13.8(18.8) Axes
 + Level 11.4(16.4) Armour
 + Level 12.2(17.2) Shields


You had 12 spell levels left.
You didn't know any spells.

Dungeon Overview and Level Annotations

Branches:
Dungeon (13/15)            Temple (0/1) D:5            Lair (0/8) D:10
    Orc (4/4) D:10            Elf (0/3) Orc:4
 Vaults: D:13-14

Altars:
Dithmenos
Elyvilon
Okawaru
Sif Muna
Beogh

Shops:
D:4 ?%(*[   D:8 !   Orc:2 *   Orc:3 **[   Orc:4 *


Innate Abilities, Weirdness & Mutations

You are under a permanent stasis effect.
You can dig through walls and to a lower floor.
Your four strong arms can wield two-handed weapons with a shield.
You have a pair of large antennae on your head (SInv).
Your muscles are strong. (Str +2)
Your spells are a little harder to cast, but a little more powerful.


Message History

Drink which item? (? for menu, Esc to quit)
You feel better. The ice devil hits you. The ice devil freezes you!!
* * * LOW HITPOINT WARNING * * *
You block the orc high priest's attack.
The orc sorcerer hits you but does no damage.
The rust devil hits you. The rust devil corrodes you!
The orc high priest prays to Beogh.
You hit the orc high priest but do no damage.
You drain the orc high priest!
The orc high priest is severely wounded.
You slash the rust devil!
You kill the rust devil!
You slash the orc knight!
The orc knight is moderately wounded.
You hit the ice devil but do no damage.
The ice devil is moderately wounded.
You barely miss the orc sorcerer. The ice devil hits you.
* * * LOW HITPOINT WARNING * * *
The ice devil freezes you!!
You die...

8...# ...## ## ...#
###.## .8.####....
...#...... ####....#
........# ######
......#.# ##...3#####
........# ##..##@oo..#
........# #..##o)oo...#
........###.##o4o##.#.∩#
........##..##o4## # .#
........##.##...
........##.##...
........##.##..o { {
........##.#####.
..................


You could see 3 orc knights, an ice devil, 2 orc high priests, a rust devil, 2
orc sorcerers, a red devil and 2 orc warriors.

Vanquished Creatures
  Saint Roka (Orc:4)
  3 centaur warriors
  2 orc high priests (Orc:4)
  6 hill giants
  2 orc sorcerers (Orc:4)
  An orc knight (Orc:4)
  The ghost of donomii the Chucker, a novice OgHu (D:7)
  Joseph (D:7)
  2 komodo dragons (D:12)
  A tengu conjurer (D:13)
  Grinder (D:6)
  2 trolls
  Sigmund (D:2)
  5 yaks (D:12)
  The ghost of Razzik the Ducker, an amateur TrBe of Trog (D:4)
  4 water elementals (D:13)
  A deep elf mage (D:12)
  3 wraiths
  A deep elf fighter (D:10)
  Eustachio (D:6)
  2 hippogriffs (D:10)
  Menkaure (D:6)
  A soldier ant (D:13)
  2 hungry ghosts (D:12)
  A mottled dragon (D:11)
  A warg (Orc:1)
  4 sky beasts
  A swamp drake (D:10)
  15 centaurs
  20 orc warriors
  5 ice beasts
  A phantom (D:6)
  A black bear (D:11)
  16 ogres
  2 eyes of draining (D:13)
  2 big kobolds
  3 crocodiles
  13 giant frogs
  A wyvern zombie (D:13)
  5 scorpions
  A wyvern skeleton (D:11)
  6 wights
  14 killer bees
  2 quasits (D:9)
  2 giant frog zombies
  2 wasp zombies
  5 crimson imps
  4 jellies
  Crazy Yiuf (D:6)
  A giant frog skeleton (D:7)
  22 orc priests
  6 hounds
  25 orc wizards
  7 centaur skeletons
  6 iguanas
  3 killer bee zombies
  8 worker ants
  2 hound skeletons
  2 hound zombies
  16 adders
  2 river rats (D:10)
  5 shadow imps
  An ooze (D:4)
  An adder zombie (D:6)
  5 worms
  3 giant geckos
  104 orcs
  14 bats
  4 giant cockroaches
  12 goblins
  7 hobgoblins
  11 jackals
  17 kobolds
  5 quokkas
  8 giant newts
  A jackal skeleton (D:7)
  A jackal zombie (D:6)
  A quokka zombie (D:5)
  10 rats
  8 fungi (D:10)
  7 plants (D:10)
499 creatures vanquished.

Vanquished Creatures (others)
  An orc priest (Orc:4)
  3 fungi (D:10)
4 creatures vanquished.

Grand Total: 503 creatures vanquished

Notes
Turn   | Place    | Note
--------------------------------------------------------------
     0 | D:1      | PossumBlood the Formicid Fighter began the quest for the Orb.
     0 | D:1      | Reached XP level 1. HP: 18/18 MP: 1/1
   205 | D:1      | Reached XP level 2. HP: 21/24 MP: 2/2
   779 | D:2      | Reached XP level 3. HP: 9/30 MP: 3/3
  1030 | D:2      | Noticed Sigmund
  1036 | D:2      | Killed Sigmund
  1036 | D:2      | Reached skill level 4 in Fighting
  1036 | D:2      | Reached XP level 4. HP: 36/38 MP: 4/4
  1036 | D:2      | Reached XP level 5. HP: 40/43 MP: 5/5
  1196 | D:2      | Found a faded altar to an unknown god.
  1315 | D:2      | Reached XP level 6. HP: 49/49 MP: 6/6
  1414 | D:2      | Found an iron altar of Okawaru.
  1530 | D:2      | Became a worshipper of Warmaster Okawaru
  2080 | D:4      | Found Mutubim's Magic Scroll Shoppe.
  2092 | D:4      | Bought a scroll of magic mapping for 38 gold pieces
  2092 | D:4      | Bought a scroll of enchant weapon for 82 gold pieces
  2092 | D:4      | Bought a scroll of holy word for 82 gold pieces
  2124 | D:4      | Found Yseytuno's Weapon Boutique.
  2125 | D:4      | Found Qiphimm's Assorted Antiques.
  2159 | D:4      | Found a shadowy altar of Dithmenos.
  2162 | D:4      | Noticed Razzik's ghost (amateur TrBe)
  2178 | D:4      | Killed Razzik's ghost
  2178 | D:4      | Reached skill level 5 in Shields
  2178 | D:4      | Reached XP level 7. HP: 25/55 MP: 7/7
  2179 | D:4      | Reached skill level 5 in Axes
  2406 | D:4      | Reached * piety under Okawaru
  2406 | D:4      | Reached skill level 5 in Fighting
  2462 | D:4      | Reached skill level 5 in Armour
  2633 | D:4      | Found Ydaph's Armour Emporium.
  2803 | D:4      | Found Azauzic's Food Shoppe.
  2838 | D:5      | Entered Level 5 of the Dungeon
  2857 | D:5      | Reached XP level 8. HP: 55/62 MP: 8/8
  3057 | D:5      | Reached skill level 6 in Axes
  3656 | D:5      | Reached ** piety under Okawaru
  3809 | D:5      | Found a staircase to the Ecumenical Temple.
  3925 | D:5      | Reached skill level 7 in Axes
  4177 | D:6      | Noticed Menkaure
  4179 | D:6      | Noticed Grinder
  4185 | D:6      | Killed Menkaure
  4185 | D:6      | Reached XP level 9. HP: 51/69 MP: 9/9
  4205 | D:6      | Killed Grinder
  4353 | D:6      | Noticed Eustachio
  4374 | D:6      | Killed Eustachio
  4435 | D:6      | Reached skill level 8 in Axes
  4973 | D:6      | Noticed Crazy Yiuf
  4975 | D:6      | Got a twisted mace
  4979 | D:6      | Killed Crazy Yiuf
  4987 | D:6      | Identified the cursed +2 mace of Ehonoph {venom, rF+ MR+ Str+3 Stlth+} (You found it on level 6 of the Dungeon)
  5044 | D:6      | Reached *** piety under Okawaru
  5068 | D:6      | Found a deep blue altar of Sif Muna.
  5192 | D:7      | Noticed Joseph
  5216 | D:7      | Killed Joseph
  5216 | D:7      | Reached XP level 10. HP: 43/79 MP: 10/10
  5451 | D:7      | Reached skill level 9 in Axes
  5788 | D:7      | Reached **** piety under Okawaru
  5870 | D:7      | Noticed donomii's ghost (novice OgHu)
  5888 | D:7      | Killed donomii's ghost
  6774 | D:8      | Found Wuywaf's Distillery.
  6778 | D:8      | Bought a potion of might for 44 gold pieces
  6778 | D:8      | Bought a potion of lignification for 33 gold pieces
  6778 | D:8      | Bought a potion of heal wounds for 55 gold pieces
  6778 | D:8      | Bought a potion of degeneration for 11 gold pieces
  6778 | D:8      | Bought a potion of poison for 11 gold pieces
  7203 | D:8      | Reached skill level 10 in Axes
  7677 | D:9      | Reached XP level 11. HP: 84/86 MP: 11/11
  7757 | D:9      | Found a white marble altar of Elyvilon.
  8092 | D:10     | Entered Level 10 of the Dungeon
  8099 | D:10     | Reached ***** piety under Okawaru
  8392 | D:10     | Found a staircase to the Lair.
  8533 | D:10     | Found a staircase to the Orcish Mines.
  8642 | D:10     | Noticed a hill giant
  8649 | D:10     | Killed a hill giant
  8649 | D:10     | Reached skill level 11 in Axes
  8866 | D:10     | Received a gift from Okawaru
  8878 | D:10     | Identified a +2 pair of boots of running (Okawaru gifted it to you on level 10 of the Dungeon)
  9041 | D:10     | Noticed a hill giant
  9052 | D:10     | Killed a hill giant
  9524 | D:11     | Reached skill level 10 in Shields
 10141 | D:11     | Noticed a centaur warrior
 10152 | D:11     | Killed a centaur warrior
 10333 | D:11     | Reached XP level 12. HP: 89/96 MP: 12/12
 10911 | D:11     | Noticed a hill giant
 10922 | D:11     | Killed a hill giant
 10922 | D:11     | Reached skill level 12 in Axes
 11420 | D:12     | Reached skill level 10 in Fighting
 11420 | D:12     | Reached skill level 10 in Armour
 11821 | D:12     | Received a gift from Okawaru
 11850 | D:12     | Gained mutation: Your muscles are strong. (Str +2) [potion of beneficial mutation]
 11851 | D:12     | Gained mutation: Your spells are a little harder to cast, but a little more powerful. [potion of beneficial mutation]
 12239 | D:13     | Noticed a centaur warrior
 12251 | D:13     | Killed a centaur warrior
 12374 | D:13     | Received a gift from Okawaru
 12620 | D:13     | Noticed a centaur warrior
 12634 | D:13     | Killed a centaur warrior
 12999 | D:13     | Reached XP level 13. HP: 104/104 MP: 13/13
 13355 | D:10     | Reached skill level 13 in Axes
 13426 | Orc:1    | Entered Level 1 of the Orcish Mines
 13658 | Orc:2    | Found Wuril's Assorted Antiques.
 13700 | Orc:2    | Bought an ancient brass amulet for 115 gold pieces
 13700 | Orc:2    | Identified the amulet "Joecza" {rCorr rElec rF+} (You bought it in a shop on level 2 of the Orcish Mines)
 13810 | Orc:3    | Found Miegi's Assorted Antiques.
 13818 | Orc:3    | Found Ligac's Antique Armour Shop.
 13825 | Orc:3    | Found Xuumenia's General Store.
 13831 | Orc:3    | Bought a pair of bloodstained boots for 256 gold pieces
 13852 | Orc:3    | Bought a scroll labeled RAOCKU JENEA for 27 gold pieces
 13852 | Orc:3    | Bought a scroll labeled KYSIDU DO MIL for 27 gold pieces
 13852 | Orc:3    | Bought a scroll labeled LUERCHE JOJEY for 27 gold pieces
 13855 | Orc:3    | Identified the +1 pair of boots of the End {+Inv rN+ Dex+3 Stlth-} (You bought it in a shop on level 3 of the Orcish Mines)
 14230 | Orc:4    | Entered Level 4 of the Orcish Mines
 14256 | Orc:4    | Noticed Saint Roka
 14449 | Orc:4    | Killed Saint Roka
 14707 | Orc:4    | Found a roughly hewn altar of Beogh.
 14746 | Orc:4    | Found a staircase to the Elven Halls.
 14786 | Orc:4    | Found a roughly hewn altar of Beogh.
 15010 | Orc:4    | Found Boxair's General Store.
 15052 | Orc:4    | Slain by an ice devil

Action                   |  1- 3 |  4- 6 |  7- 9 | 10-12 | 13-15 || total
-------------------------+-------+-------+-------+-------+-------++-------
Melee: War axe           |    57 |   125 |   334 |   275 |       ||   791
       Broad axe         |       |       |       |    19 |       ||    19
       Battleaxe         |       |       |       |   535 |   187 ||   722
Invok: Heroism           |       |       |     1 |     1 |     2 ||     4
  Use: Scroll            |     5 |     1 |     3 |    13 |     5 ||    27
       Potion            |       |     2 |     1 |    10 |    12 ||    25
 Stab: Confused          |       |       |       |     2 |       ||     2
       Petrifying        |       |       |       |       |     3 ||     3
  Eat: Bread ration      |       |     1 |     2 |     3 |       ||     6
       Royal jelly       |       |       |     1 |       |       ||     1
       Pizza             |       |       |       |     2 |       ||     2
       Meat ration       |       |       |       |     2 |       ||     2
       Fruit             |       |       |       |     3 |     7 ||    10
       Beef jerky        |       |       |       |     2 |       ||     2
